 Dungeon Crawl Stone Soup version 0.29.1-2-gbd0b4ee654 (webtiles) character file.

Game seed: 2463099899309398070

9 hawla the Grave Robber (level 2, -1/18 HPs)
             Began as a Felid Necromancer on Nov 21, 2022.
             Slain by an endoplasm (2 damage)
             ... on level 1 of the Dungeon on Nov 22, 2022.
             The game lasted 00:02:26 (303 turns).

hawla the Grave Robber (Felid Necromancer)           Turns: 303, Time: 00:02:29

Health: -1/18      AC:  1    Str:  4    XL:     2   Next: 3%
Magic:  3/6        EV: 14    Int: 16    God:
Gold:   8          SH:  0    Dex: 16    Spells: 4/5 levels left
                                        Lives:  0   Deaths: 0

rFire   . . .      SeeInvis +   (weapon unavailable)
rCold   . . .      Faith    .   (shield unavailable)
rNeg    . . .      Spirit   .   (body armour unavailable)
rPois   .          Reflect  .   (helmet unavailable)
rElec   .          Harm     .   (cloak unavailable)
rCorr   .          Rampage  .   (gloves unavailable)
Will    .....                   (boots unavailable)
Stlth   ..........              (no amulet)
HPRegen 0.06/turn               (no ring)
MPRegen 0.10/turn               (no ring)

@: berserking, very slightly contaminated, constricted, very quick
A: very small, claws 1, fangs 3, see invisible, speed 1, shaggy fur 1, stealthy
paws, no weapons or thrown items, no armour, multi-lived
a: no special abilities


You were on level 1 of the Dungeon.
You visited 1 branch of the dungeon, and saw 1 of its levels.

You collected 8 gold pieces.

Inventory:

Scrolls
 b - a scroll of identify
 c - a scroll of noise {unknown}
Potions
 a - a potion of magic
 d - a potion of ambrosia


   Skills:
 * Level 0.6 Fighting
 + Level 2.8 Dodging
 + Level 2.7 Stealth
 + Level 2.0 Spellcasting
 + Level 4.2 Necromancy


You had 4 spell levels left.
You knew the following spells:

 Your Spells              Type           Power      Damage    Failure   Level
a - Necrotise             Necr           60%        1d7       3%          1

Your spell library contained the following spells:

 Spells                   Type           Power      Damage    Failure   Level
 Vampiric Draining        Necr           15%        2d7       11%         3
 Animate Dead             Necr           15%        N/A       34%         4
 Agony                    Necr           15%        N/A       69%         5


Dungeon Overview and Level Annotations

Branches:
Dungeon (1/15)

Altars:


Innate Abilities, Weirdness & Mutations

You have sharp claws.
You have razor-sharp teeth.
You have supernaturally acute eyesight. (SInv)
You cover ground quickly. (Speed+)
You are covered in fur. (AC +1)
Your paws help you pounce on unaware monsters.
You are incapable of wielding weapons or throwing items.
You cannot wear armour.
You gain extra lives every three experience levels.


Message History

The ball python barely resists.
The ball python completely misses you. The ball python grabs you.
The ball python constricts you. The jackal closely misses you.
The ball python barely misses you. The ball python constricts you.
Casting: Necrotise (safe; 3% risk of failure)
Confirm with . or Enter, or press ? or * to list all spells.
Aiming: Necrotise (safe; 3% risk of failure)
Press: ? - help, Shift-Dir - straight line, f/p - ball python
Aim: a ball python (constricting you, chance to affect: 85%)
The ball python writhes in agony.
The jackal closely misses you. The jackal barely misses you.
The ball python closely misses you. The ball python constricts you.
Casting: Necrotise (safe; 3% risk of failure)
Confirm with . or Enter, or press ? or * to list all spells.
Aiming: Necrotise (safe; 3% risk of failure)
Press: ? - help, Shift-Dir - straight line, f/p - ball python
Aim: a ball python (moderately wounded, constricting you, chance to affect: 85%)
You miscast Necrotise.
You are very lightly contaminated with residual magic.
Nothing appears to happen.
The jackal misses you. The ball python bites you.
The ball python constricts you.
Sorry, you're not good enough to have a special ability.
Unknown command.
As you read the scroll labelled HIMUAPT ELASUD, it crumbles to dust.
It is a scroll of identify.
d - a potion of ambrosia The jackal misses you.
The ball python closely misses you. The ball python constricts you.
The endoplasm freezes you.
You are frozen.
* * * LOW HITPOINT WARNING * * *
The jackal barely misses you.
It was a potion of berserk rage.
A red film seems to cover your vision as you go berserk!
You feel yourself moving faster!
You feel mighty! The ball python bites you.
* * * LOW HITPOINT WARNING * * *
The ball python constricts you.
* * * LOW HITPOINT WARNING * * *
The jackal barely misses you. The endoplasm hits you.
You die...

##.#### ... #.# #.#
#.#.# ......# ..... #.#
#.# #.#.# ......#
.....###.#####.# #.#.#
......# .......... ....#
#.#.# ......# .........#
#..# #.#.# ......#
#........####..#####.#.#
......#
#....................#
......#
#.....J........#######
......#
#....rS@..............
......#
#....JhB.......#######
##.#### #..............#
##.# #..............#
.#.# ........########
†..# ........# ...#
..###...# ...# #[!##...#
...#


You could see 2 endoplasms, a quokka, a jackal, a giant cockroach and a ball
python.

Vanquished Creatures
  3 jackals (D:1)
  A kobold (D:1)
  2 goblins (D:1)
6 creatures vanquished.

Vanquished Creatures (collateral kills)
  A ball python (D:1)
1 creature vanquished.

Grand Total: 7 creatures vanquished

Notes
Turn   | Place    | Note
-------+----------+-------------------------------------------
     0 | D:1      | hawla the Felid Necromancer began the quest for the Orb.
     0 | D:1      | Reached XP level 1. HP: 7/7 MP: 4/4
   235 | D:1      | Reached XP level 2. HP: 11/12 MP: 0/6
   303 | D:1      | Slain by an endoplasm

Illustrated notes

Levels and vault maps discovered:
D:1:      matt_arrival_refuge, layout_basic, minmay_pentomino_p2

Action                   || total
-------------------------++-------
Melee: Unarmed           ||     8
       Bite              ||     1
 Cast: Necrotise         ||    12
  Use: Scroll            ||     1
       Potion            ||     1
Armor: Skin              ||     1
Dodge: Dodged            ||    19
